 Dungeon Crawl Stone Soup version 0.18-a0-1586-g58c38cf (webtiles) character file.

67 Geeful the Changer (level 4, 0/28 HPs)
             Began as an Octopode Transmuter on Mar 18, 2016.
             Succumbed to an adder's poison
             ... on level 2 of the Dungeon.
             The game lasted 00:05:06 (2660 turns).

Geeful the Changer (Octopode Transmuter)            Turns: 2660, Time: 00:05:06

Health: 0/28       AC: 12    Str:  9    XL:     4   Next: 16%
Magic:  8/8        EV: 19    Int: 16    God:
Gold:   53         SH:  0    Dex: 12    Spells: 1 memorised, 8 levels left

rFire  + . .     SeeInvis .       - Unarmed
rCold  + . .     Gourm    .     (shield currently unavailable)
rNeg   + + +     Faith    .     (helmet restricted)
rPois  +         Spirit   .     (no amulet)
rElec  +         Dismiss  .     (no ring)
rCorr  +         Reflect  .     (no ring)
SustAt .         Harm     .     (no ring)
MR     .....                    (no ring)
Stlth  +.........               (no ring)
                                (no ring)
                                (no ring)
                                (no ring)

@: lethally poisoned (0 -> -7), fungus-form, resistant, not resistant to hostile
enchantments, very unstealthy
A: almost no armour, (amphibious), 8 rings, (constrict 8), (camouflage 0),
(gelatinous body 0)
a: no special abilities


You were on level 2 of the Dungeon.
You were not hungry.
You were a sentient fungus.
You visited 1 branch of the dungeon, and saw 2 of its levels.

You collected 53 gold pieces.

Inventory:

Hand Weapons
 f - a +0 whip
 h - a +0 spear (melded)
Missiles
 a - 27 arrows
 e - 52 stones (quivered)
 i - 9 poisoned arrows
 o - 22 arrows of dispersal
Wands
 n - a wand of polymorph (14/24)
Scrolls
 d - 2 scrolls of blinking {unknown}
 j - a scroll of identify {unknown}
 k - a scroll of amnesia {unknown}
 q - a scroll of recharging {unknown}
Books
 b - a book of Changes

   Spells                             Type                      Level
   a - Beastly Appendage              Transmutation                1
   b - Sticks to Snakes               Transmutation                2
   c - Spider Form                    Transmutation/Poison         3
   d - Ice Form                       Ice/Transmutation            4
   e - Blade Hands                    Transmutation                5
 l - a book of the Tempests

   Spells                             Type                      Level
   a - Static Discharge               Conjuration/Air              3
   b - Lightning Bolt                 Conjuration/Air              5
   c - Fireball                       Conjuration/Fire             5
   d - Tornado                        Air                          9
   e - Shatter                        Earth                        9
Comestibles
 c - 2 bread rations
 g - a beef jerky
 m - a slice of pizza


   Skills:
 - Level 1.0 Fighting
 - Level 2.0 Dodging
 - Level 3.0 Unarmed Combat
 + Level 3.2 Spellcasting
 + Level 3.2 Transmutations


You had 8 spell levels left.
You knew the following spells:

 Your Spells              Type           Power        Failure   Level  Hunger
a - Beastly Appendage     Trmt           ##....       6%          1    None


Dungeon Overview and Level Annotations

Branches:
Dungeon (2/15)

Altars:
Dithmenos


Innate Abilities, Weirdness & Mutations

You cannot wear most types of armour.
((You are amphibious.))
You can wear up to eight rings at the same time.
((You can use your tentacles to constrict eight enemies at once.))
((Your skin changes colour to match your surroundings (Stealth).))
((Your rubbery body absorbs attacks (AC +1).))


Message History

a dagger; an adder corpse Drink which item? (? for menu, Esc to quit)
It was a potion of resistance.
You feel protected.
* * * LOW HITPOINT WARNING * * *
You feel sick.
Zapping:
n - a wand of polymorph (will waste charges)
Press: ? - help, Shift-Dir - straight line, f - you Really target yourself?
You turn into a sentient fungus.
Your +0 spear melds into your body.
Evoking this partially-identified wand wasted a few charges.
* * * LOW HITPOINT WARNING * * *
You feel sick.
Evoke which item? (* to show all) (? for menu, Esc to quit)
You have no means to grasp a wand firmly enough.
There is a lethal amount of poison in your body!
There is a lethal amount of poison in your body!
* * * LOW HITPOINT WARNING * * *
You feel sick.
You die...

.###..#..###.............#
..##.....##......#.......#
.......).......#.#.......#
##.........##..#.#......[#
###..._...####...#.......#
##.........##...##.......####
...................#.........
..##.....##...####.......#####
.###..#..###....f..(.........#
.##..###..##..####.......###.#
.....###......# #.......###.#
..##..#.....#.# #...........#
..##........#.# ########.####
#####.......#.######## #.#
#####................# #.#
........#.#..........# #.#
.....................# #.#


There were no monsters in sight!

Vanquished Creatures
  2 adders
  3 worms (D:2)
  A dart slug (D:1)
  A giant gecko (D:2)
  4 bats
  3 giant cockroaches
  2 hobgoblins
  6 jackals
  4 kobolds
  2 giant newts (D:2)
  4 goblins
  4 rats (D:2)
36 creatures vanquished.

Notes
Turn   | Place    | Note
--------------------------------------------------------------
     0 | D:1      | Geeful the Octopode Transmuter began the quest for the Orb.
     0 | D:1      | Reached XP level 1. HP: 13/13 MP: 3/3
   191 | D:1      | Reached XP level 2. HP: 1/18 MP: 5/5
  1262 | D:1      | Reached XP level 3. HP: 23/23 MP: 6/6
  1939 | D:2      | Found a faded altar to an unknown god.
  2029 | D:2      | Found a shadowy altar of Dithmenos.
  2646 | D:2      | Reached XP level 4. HP: 23/28 MP: 8/8
  2658 | D:2      | HP: 1/28 [poisoned by an adder]
  2660 | D:2      | Succumbed to an adder's poison

Vault maps used:
D:1:      dpeg_arrival_central, corexii_corridor_pit
D:2:      nicolae_dithmenos_shadow_blocks, ecumenical_altar_1

Skill      XL: |  1  2  3 |
---------------+----------+-----
Transmutations | 3 |  3.2
Spellcasting   | 3 |  3.2
Fighting       | |  1.0
Dodging        | |  2.0
Unarmed Combat | |  3.0

Action                   |  1- 3 |  4- 6 || total
-------------------------+-------+-------++-------
Melee: Unarmed           |     9 |       ||     9
       Whip              |     6 |       ||     6
       Spear             |    84 |     4 ||    88
Throw: Stone             |    17 |     4 ||    21
Evoke: Wand              |       |     1 ||     1
  Use: Potion            |       |     1 ||     1
 Stab: Sleeping          |     5 |       ||     5
  Eat: Chunk             |     5 |       ||     5
